 Dungeon Crawl Stone Soup version 0.30-a0-591-g3c58d2bc28 (webtiles) character file.

Game seed: 15895198253437643386

141 wormed the Slicer (level 5, -5/37 HPs)
             Began as a Gnoll Wanderer on Jan 5, 2023.
             Slain by an iguana (12 damage)
             ... on level 3 of the Dungeon.
             The game lasted 00:05:06 (2146 turns).

wormed the Slicer (Gnoll Wanderer)                  Turns: 2146, Time: 00:05:07

Health: -5/37      AC:  7    Str: 10    XL:     5   Next: 24%
Magic:  10/12      EV:  9    Int: 12    God:
Gold:   114        SH:  0    Dex: 14    Spells: 11/14 levels left

rFire   . . .      SeeInvis .    a - +1 short sword
rCold   . . .      Faith    .    (no shield)
rNeg    . . .      Spirit   .    b - +0 scale mail
rPois   .          Reflect  .    (no helmet)
rElec   .          Harm     .    (no cloak)
rCorr   .          Rampage  .    (no gloves)
Will    .....                    (no boots) Stlth
                                 (no amulet)
HPRegen 0.26/turn                (no ring)
MPRegen 0.13/turn                (no ring)

@: very slightly contaminated
A: fangs 1, strong nose, distributed training
a: no special abilities


You were on level 3 of the Dungeon.
You visited 1 branch of the dungeon, and saw 3 of its levels.

You collected 114 gold pieces.

Inventory:

Hand Weapons
 a - a +1 short sword (weapon)
Armour
 b - a +0 scale mail (worn)
Scrolls
 f - 2 scrolls of vulnerability
 j - 3 scrolls of identify
 l - a scroll of enchant armour
 m - a scroll of immolation
 n - a scroll of fog
Potions
 c - a potion of attraction
 d - 2 potions of resistance {unknown}
 k - 4 potions of curing


   Skills:
 + Level 1.4 Fighting
 + Level 8.6 Short Blades
 + Level 1.4 Long Blades
 + Level 1.4 Axes
 + Level 1.4 Maces & Flails
 + Level 1.4 Polearms
 + Level 1.4 Staves
 + Level 1.4 Ranged Weapons
 + Level 1.4 Throwing
 + Level 6.7 Armour
 + Level 1.4 Dodging
 + Level 1.4 Stealth
 + Level 1.4 Shields
 + Level 1.4 Unarmed Combat
 + Level 5.2 Spellcasting
 + Level 1.1 Conjurations
 + Level 1.1 Hexes
 + Level 1.1 Summonings
 + Level 1.1 Necromancy
 + Level 1.1 Translocations
 + Level 1.1 Transmutations
 + Level 1.1 Fire Magic
 + Level 1.1 Ice Magic
 + Level 1.1 Air Magic
 + Level 1.1 Earth Magic
 + Level 1.1 Poison Magic
 + Level 1.6 Invocations
 + Level 1.4 Evocations


You had 11 spell levels left.
You knew the following spells:

 Your Spells              Type           Power      Damage    Failure   Level
a - Freeze                Ice            20%        1d4       54%         1
b - Searing Ray           Conj           10%        2d4       69%         2

Your spell library contained the following spells:

 Spells                   Type           Power      Damage    Failure   Level
 Kiss of Death            Conj/Necr      20%        2d7       54%         1
 Poisonous Vapours        Pois/Air       10%        N/A       69%         2
 Tukima's Dance           Hex            5%         N/A       89%         3
 Vhi's Electric Charge    Tloc/Air       10%        N/A       89%         3
 Simulacrum               Ice/Necr       2%         N/A       100%        6
 Disjunction              Tloc           2%         N/A       100%        8


Dungeon Overview and Level Annotations

Branches:
Dungeon (3/15)

Altars:
Qazlal

Shops:
D:1 :(


Innate Abilities, Weirdness & Mutations

You have very sharp teeth.
Your uncanny sense of smell can sniff out nearby items.
Your experience applies equally to all skills.


Message History

Aiming: Freeze (safe; 54% risk of failure)
Press: ? - help, Shift-Dir - straight line, f/p - iguana
Aim: an iguana You miscast Freeze.
Nothing appears to happen.
The iguana bites you but does no damage.
Casting: Freeze (safe; 54% risk of failure)
Confirm with . or Enter, or press ? or * to list all spells.
Aiming: Freeze (safe; 54% risk of failure)
Press: ? - help, Shift-Dir - straight line, f/p - iguana
Aim: an iguana You freeze the iguana.
The iguana is lightly wounded.
The iguana seems to slow down.
The iguana barely misses you.
You closely miss the iguana. You bite the iguana, but do no damage.
The iguana is lightly wounded.
You hit the iguana but do no damage.
The iguana is lightly wounded.
The iguana barely misses you.
You hit the iguana. Your bite misses the iguana.
The iguana is moderately wounded.
You barely miss the iguana.
The iguana is moderately wounded.
The iguana closely misses you.
You hit the iguana but do no damage.
The iguana is moderately wounded.
You hit the iguana.
The iguana is heavily wounded.
You hit the iguana. You bite the iguana, but do no damage.
The iguana is severely wounded.
The iguana is no longer moving slowly.
The iguana bites you!
* * * LOW HITPOINT WARNING * * *
You hit the iguana.
The iguana is severely wounded.
You barely miss the iguana. Your bite misses the iguana.
The iguana is severely wounded.
The iguana barely misses you.
You hit the iguana but do no damage.
The iguana is severely wounded.
The iguana bites you!
You die...

.......................
##...#..................
.....................##.
.....................$.
.....#.#.#...##.#..##. #
#..#.#.#...##.#.....
###.##...................
#.........#..l)........).
.#.##..###.#.@##..##..#.
#.........#..# ..# ..
#.#.##..###....# .!# .#
...............# .. ..
#.####..###....# ## #.#
#..###....##.# #.
#............# ###.#
#.#####.###....#..# #.
..... ...................
.........


You could see an iguana.

Vanquished Creatures
  An ogre (D:3)
  An adder (D:3)
  A dart slug (D:2)
  3 ball pythons (D:1)
  6 bats
  4 endoplasms
  2 giant cockroaches
  3 hobgoblins (D:1)
  4 jackals (D:1)
  9 kobolds
  2 quokkas
  2 frilled lizards
  5 goblins (D:2)
  3 rats
46 creatures vanquished.

Notes
Turn   | Place    | Note
-------+----------+-------------------------------------------
     0 | D:1      | wormed the Gnoll Wanderer began the quest for the Orb.
     0 | D:1      | wormed set off with the following items: a +0 short sword,
                  | a +0 scale mail, a potion of attraction; and the following
                  | spell memorised: Freeze; and the following spells available
                  | to memorise: Poisonous Vapours, Searing Ray, Tukima's
                  | Dance.
     0 | D:1      | Reached XP level 1. HP: 13/13 MP: 6/6
    68 | D:1      | Reached XP level 2. HP: 19/19 MP: 7/7
   291 | D:1      | Found Nevon's Book Shoppe.
   374 | D:1      | Reached skill level 5 in Spellcasting
   374 | D:1      | Reached XP level 3. HP: 22/25 MP: 7/9
   456 | D:1      | Found a faded altar of an unknown god.
   699 | D:1      | Found Xumias Ziry's Weapon Shop.
   929 | D:2      | Found a stormy altar of Qazlal.
   968 | D:2      | Reached skill level 1 in Invocations
   974 | D:2      | Learned a level 2 spell: Searing Ray
  1229 | D:2      | Reached skill level 1 in Fighting
  1229 | D:2      | Reached skill level 1 in Long Blades
  1229 | D:2      | Reached skill level 1 in Axes
  1229 | D:2      | Reached skill level 1 in Maces & Flails
  1229 | D:2      | Reached skill level 1 in Polearms
  1229 | D:2      | Reached skill level 1 in Staves
  1229 | D:2      | Reached skill level 1 in Ranged Weapons
  1229 | D:2      | Reached skill level 1 in Throwing
  1229 | D:2      | Reached skill level 1 in Dodging
  1229 | D:2      | Reached skill level 1 in Stealth
  1229 | D:2      | Reached skill level 1 in Shields
  1229 | D:2      | Reached skill level 1 in Unarmed Combat
  1229 | D:2      | Reached skill level 1 in Evocations
  1863 | D:3      | Got Sif Muna's Codex of the Excursion and the Cemetery
  1877 | D:3      | Noticed an ogre
  1890 | D:3      | Killed an ogre
  1891 | D:3      | Reached skill level 1 in Conjurations
  1891 | D:3      | Reached skill level 1 in Hexes
  1891 | D:3      | Reached skill level 1 in Summonings
  1891 | D:3      | Reached skill level 1 in Necromancy
  1891 | D:3      | Reached skill level 1 in Translocations
  1891 | D:3      | Reached skill level 1 in Transmutations
  1891 | D:3      | Reached skill level 1 in Fire Magic
  1891 | D:3      | Reached skill level 1 in Ice Magic
  1891 | D:3      | Reached skill level 1 in Air Magic
  1891 | D:3      | Reached skill level 1 in Earth Magic
  1891 | D:3      | Reached skill level 1 in Poison Magic
  1891 | D:3      | Reached XP level 4. HP: 32/32 MP: 11/11
  1891 | D:3      | Reached XP level 5. HP: 37/37 MP: 12/12
  2146 | D:3      | Slain by an iguana

Illustrated notes

Levels and vault maps discovered:
D:1:      sevenhm_arrival_forest_fort_small_6, layout_basic,
          hellmonk_ecumenical_altar_pennies_from_heaven, serial_shops,
          nicolae_square_shop, nicolae_shop_crystal
D:2:      layout_basic, basic_altar, kennysheep_generic_room_13
D:3:      cheibrodos_greedy_goblins, layout_basic

Skill      XL: |  1  2  3 |
---------------+----------+-----
Spellcasting   | 5 |  5.2
Invocations    | 1 |  1.6
Fighting       | 1 |  1.4
Long Blades    | 1 |  1.4
Axes           | 1 |  1.4
Maces & Flails | 1 |  1.4
Polearms       | 1 |  1.4
Staves         | 1 |  1.4
Ranged Weapons | 1 |  1.4
Throwing       | 1 |  1.4
Dodging        | 1 |  1.4
Stealth        | 1 |  1.4
Shields        | 1 |  1.4
Unarmed Combat | 1 |  1.4
Evocations     | 1 |  1.4
Conjurations   | 1 |  1.1
Hexes          | 1 |  1.1
Summonings     | 1 |  1.1
Necromancy     | 1 |  1.1
Translocations | 1 |  1.1
Transmutations | 1 |  1.1
Fire Magic     | 1 |  1.1
Ice Magic      | 1 |  1.1
Air Magic      | 1 |  1.1
Earth Magic    | 1 |  1.1
Poison Magic   | 1 |  1.1
Short Blades   | |  8.6
Armour         | |  6.7

Action                   |  1- 3 |  4- 6 || total
-------------------------+-------+-------++-------
Melee: Short sword       |   160 |    36 ||   196
       Bite              |    18 |     6 ||    24
Throw: Throwing net      |     1 |       ||     1
 Cast: Freeze            |     1 |     1 ||     2
  Use: Scroll            |     9 |       ||     9
 Stab: Held in net/web   |     1 |       ||     1
Armor: Scale mail        |    59 |    14 ||    73
Dodge: Dodged            |    35 |     8 ||    43

Table legend: (Time is in decaauts)
 A = Elapsed time spent in this place.
 B = Non-inter-level travel time spent in this place.
 C = Inter-level travel time spent in this place.
 D = Time resting spent in this place.
 E = Time spent auto-exploring this place.
 F = Levels seen in this place.
 G = Mean time per level.
                   A        B        C        D        E       F      G
               +--------+--------+--------+--------+--------+-----+--------+
         Total |   2066 |   2015 |     51 |    143 |   1502 |   3 |  688.7 |
       Dungeon |   2066 |   2015 |     51 |    143 |   1502 |   3 |  688.7 |
               +--------+--------+--------+--------+--------+-----+--------+

Top non-repeatable levels by time:
     D:2: 1054 daAuts
     D:1: 712 daAuts
     D:3: 299 daAuts
